 Dungeon Crawl Stone Soup version 0.27.1-33-g824d729ab1 (webtiles) character file.

Game seed: 12843379151582521133

276 ces the Bolt Thrower (level 6, -1/51 HPs)
             Began as a Ghoul Hunter on Dec 1, 2021.
             Slain by Duvessa (11 damage)
             ... on level 5 of the Dungeon.
             The game lasted 00:04:53 (3176 turns).

ces the Bolt Thrower (Ghoul Hunter)                 Turns: 3176, Time: 00:04:54

Health: -1/51      AC:  3    Str: 17      XL:     6   Next: 25%
Magic:  5/5        EV: 12    Int:  5 (6)  God:
Gold:   967        SH:  0    Dex: 10      Spells: 5/5 levels left

rFire    . . .     SeeInvis .   a - +1 hand crossbow
rCold    + . .     Faith    .   (no shield)
rNeg     + + +     Spirit   .   c - +0 leather armour
rPois    ∞         Reflect  .   (no helmet)
rElec    .         Harm     .   (no cloak)
rCorr    .         Rampage  .   (no gloves)
Will     .....                  (no boots)
Stlth    ++........             (no amulet)
HPRegen  0.00/turn              (no ring)
MPRegen  0.09/turn              (no ring)

@: inhibited regen
A: claws 1, cold resistance 1, negative energy resistance 3, inhibited
regeneration, torment resistance 2
a: no special abilities


You were on level 5 of the Dungeon.
You visited 1 branch of the dungeon, and saw 5 of its levels.

You collected 967 gold pieces.

Inventory:

Hand Weapons
 a - a +1 hand crossbow (weapon)
Missiles
 d - 10 bolts (quivered ammo)
Armour
 c - a +0 leather armour (worn)
Jewellery
 q - a ring of see invisible
Wands
 g - a wand of flame (14)
 h - a wand of polymorph (19)
Scrolls
 e - 3 scrolls of enchant armour {unknown}
 n - a scroll of identify {unknown}
 o - a scroll of immolation {unknown}
Potions
 b - a potion of flight {unknown}
 f - a potion of mutation
 j - a potion of invisibility {unknown}
 k - a potion of magic
 p - a potion of attraction {unknown}


   Skills:
 + Level 3.3 Fighting
 * Level 4.7 Crossbows
 + Level 1.6 Armour
 + Level 2.7 Dodging
 + Level 2.9 Stealth
 - Level 1.5 Unarmed Combat


You had 5 spell levels left.
You didn't know any spells.
Your spell library contained the following spells:

 Spells                   Type           Power      Damage    Failure   Level
 Sting                    Tmut/Pois      0%         1d3       54%         1
 Passwall                 Tmut/Erth      0%         N/A       67%         2
 Poisonous Vapours        Pois/Air       0%         N/A       67%         2
 Gell's Gravitas          Tloc           0%         N/A       88%         3
 Lesser Beckoning         Tloc           0%         N/A       88%         3
 Swiftness                Air            0%         N/A       88%         3
 Teleport Other           Tloc           0%         N/A       88%         3
 Olgreb's Toxic Radiance  Pois           0%         N/A       99%         4
 Invisibility             Hex            0%         N/A       100%        6


Dungeon Overview and Level Annotations

Branches:
Dungeon (4/15)
 Temple: D:4-7

Altars:
Ru

Annotations:
D:5 Dowan, Duvessa


Innate Abilities, Weirdness & Mutations

You thrive by killing the living.
You are immune to poison.
You have sharp fingernails.
Your flesh is cold resistant. (rC+)
You are immune to negative energy. (rN+++)
You do not regenerate when monsters are visible.
You are immune to unholy pain and torment.


Message History

Duvessa hits you with a +0 rapier!
Duvessa says, "I don't care about looks, I care about technique!"
Duvessa closely misses you.
You shoot a bolt. The bolt barely misses Duvessa.
Duvessa hits you with a +0 rapier.
Dowan smirks and points a slender finger.
Dowan hits you with a +0 dagger! Duvessa hits you with a +0 rapier.
Duvessa hits you with a +0 rapier!
You are too injured to fight recklessly!
Dowan mumbles some strange words.
Dowan blinks!
Duvessa misses you. Duvessa hits you with a +0 rapier.
* * * LOW HITPOINT WARNING * * *
Duvessa misses you.
Okay, then.
Blink to where?
Press: ? - help, Dir - move target, p - Duvessa
As you read the scroll labelled JETTUHY LINWUWN, it crumbles to dust.
It was a scroll of blinking.
You open the door.
There is an open door here.
You close the door.
Duvessa opens the door.
Duvessa hits you with a +0 rapier.
* * * LOW HITPOINT WARNING * * *
It was a potion of mutation.
You feel extremely strange.
Your body decomposes!
You feel dopey. Duvessa misses you. Duvessa hits you but does no damage.
You cannot mutate.
It was a potion of heal wounds.
You feel much better. Duvessa hits you with a +0 rapier!
This is a scroll of acquirement!
Something appears at your feet!
Duvessa is no longer moving quickly.
Duvessa closely misses you. Duvessa hits you with a +0 rapier!
You now have 967 gold pieces (gained 806).
Duvessa hits you with a +0 rapier!
* * * LOW HITPOINT WARNING * * *
It was a potion of magic.
Magic courses through your body. Duvessa hits you with a +0 rapier!
You die...

##
#.....#####.......#
#.....# .......
#.....# .......
#.....# ......
#...).##### ...
#.....#...# #
#.....#...########
##
#.....#..........#
.#
#.....'..e@......#
.#
#....e######.....+
.# #.....#...#
....# ##
#.....#.).+ ...# .#
#.....#...# ..#
.######.....#...#
.#
#.......#+###...# #
#.....#.....+...#
#.....#.....#...#


You could see Duvessa and Dowan.

Vanquished Creatures
  2 ogres (D:5)
  A centaur zombie (D:5)
  An adder (D:3)
  7 dart slugs
  3 orcs
  4 bats
  6 endoplasms
  3 goblins
  6 hobgoblins
  4 jackals (D:1)
  3 quokkas
  3 ball pythons
  2 frilled lizards (D:2)
  2 kobolds (D:1)
47 creatures vanquished.

Notes
Turn   | Place    | Note
-------+----------+-------------------------------------------
     0 | D:1      | ces the Ghoul Hunter began the quest for the Orb.
     0 | D:1      | Reached XP level 1. HP: 17/17 MP: 0/0
   183 | D:1      | Reached XP level 2. HP: 25/25 MP: 1/1
   294 | D:1      | Reached skill level 1 in Unarmed Combat
   475 | D:1      | Reached XP level 3. HP: 28/30 MP: 2/2
  1266 | D:2      | Reached skill level 4 in Crossbows
  1514 | D:3      | Reached XP level 4. HP: 37/37 MP: 3/3
  1691 | D:3      | Found a faded altar of an unknown god.
  1691 | D:3      | Noticed an eye of devastation
  1696 | D:3      | Noticed a floating eye
  1701 | D:3      | Noticed a shining eye
  1701 | D:3      | Noticed a golden eye
  2061 | D:3      | Found a sacrificial altar of Ru.
  2401 | D:4      | You fall into a shaft and drop 1 floor!
  2401 | D:5      | Entered Level 5 of the Dungeon
  2618 | D:5      | Noticed an ogre
  2619 | D:5      | Noticed an ogre
  2657 | D:5      | Noticed Dowan
  2662 | D:5      | Killed an ogre
  2663 | D:5      | Reached skill level 1 in Armour
  2663 | D:5      | Reached XP level 5. HP: 42/45 MP: 4/4
  2683 | D:5      | Killed an ogre
  2684 | D:5      | Reached XP level 6. HP: 12/51 MP: 5/5
  3148 | D:5      | Noticed Duvessa
  3174 | D:5      | Identified a scroll of acquirement
  3174 | D:5      | Acquired 806 gold pieces
  3176 | D:5      | Slain by Duvessa

Illustrated notes

Levels and vault maps discovered:
D:1:      amcnicky_arrival_wind_blow, layout_basic
D:2:      layout_basic, minmay_crystal_water
D:3:      layout_loops_corners, nicolae_overflow_hidden_temple,
          hellmonk_ecumenical_altar_watching_god, chequers_jeans,
          minmay_door_square, kennysheep_decorative_pillar
D:4:      layout_basic, mainiacjoe_overflow_brackets, uniq_menkaure
D:5:      layout_gridville, uniq_duvessa

Skill      XL: |  1  2  3  4 |
---------------+-------------+-----
Unarmed Combat | 1 |  1.5
Dodging        | 2 |  2.7
Crossbows      | 4 |  4.7
Stealth        | 2 |  2.9
Fighting       | 3 |  3.3
Armour         | 1 |  1.6

Action                   |  1- 3 |  4- 6 || total
-------------------------+-------+-------++-------
Melee: Unarmed           |     7 |       ||     7
 Fire: Hand crossbow     |    74 |    36 ||   110
  Use: Potion            |       |     3 ||     3
       Scroll            |       |     2 ||     2
Armor: Leather armour    |     8 |     3 ||    11
Dodge: Dodged            |    21 |    11 ||    32
